 Dungeon Crawl Stone Soup version 0.20.1-1-g8b1a95d (webtiles) character file.

13 Goblin1989 the Magician (level 2, 0/19 HPs)
             Began as a Demonspawn Wizard on July 5, 2017.
             Slain by a jackal (2 damage)
             ... on level 1 of the Dungeon.
             The game lasted 00:02:52 (918 turns).

Goblin1989 the Magician (Demonspawn Wizard)          Turns: 918, Time: 00:02:53

Health: 0/19       AC:  2    Str:  7    XL:     2   Next: 24%
Magic:  0/6        EV: 12    Int: 19    God:
Gold:   6          SH:  0    Dex: 11    Spells: 6/7 levels left

rFire    . . .     SeeInvis .   g - +0 dagger
rCold    . . .     Gourm    .   (no shield)
rNeg     . . .     Faith    .   a - +0 robe
rPois    .         Spirit   +   b - +0 hat
rElec    .         Reflect  .   (no cloak)
rCorr    .         Harm     .   (no gloves)
MR       .....                  (no boots)
Stlth    ++........             (no amulet)
Regen    0.1/turn               (no ring)
MPRegen  0.1/turn               (no ring)

@: no status effects
A: magic shield
a: no special abilities


You were on level 1 of the Dungeon.
You were not hungry.

You visited 1 branch of the dungeon, and saw 1 of its levels.

You collected 6 gold pieces.

Inventory:

Hand Weapons
 g - a +0 dagger (weapon)
Armour
 a - a +0 robe (worn)
 b - a +0 hat (worn)
Scrolls
 l - a scroll of remove curse {unknown}
Potions
 h - a potion of agility {unknown}
 j - 2 potions of curing {unknown}
Books
 c - a book of Minor Magic

   Spells                             Type                      Level
   a - Magic Dart                     Conjuration                  1
   b - Blink                          Translocation                2
   c - Call Imp                       Summoning                    2
   d - Slow                           Hexes                        2
   e - Conjure Flame                  Conjuration/Fire             3
   f - Mephitic Cloud                 Conjuration/Poison/Air       3
Comestibles
 e - a bread ration {@e1}
 f - 4 fruits
 k - a chunk of flesh


   Skills:
 - Level 1.7 Dodging
 - Level 1.7 Stealth
 + Level 3.1 Spellcasting
 * Level 2.0 Conjurations
   Level 1.0 Summonings
   Level 0.8 Translocations


You had 6 spell levels left.
You knew the following spells:

 Your Spells              Type           Power        Failure   Level  Hunger
a - Magic Dart            Conj           ##..         6%          1    None


Dungeon Overview and Level Annotations

Branches:
Dungeon (1/15)

Altars:


Innate Abilities, Weirdness & Mutations

When hurt, damage is shared between your health and your magic reserves.


Message History

Press: ? - help, Shift-Dir - straight line, f - jackal
Aim: a jackal (moderately wounded)
The magic dart hits the jackal.
The jackal is severely wounded.
The jackal misses you.
The jackal bites you but does no damage.
You now have 1/6 mp.
Casting: Magic Dart
Confirm with . or Enter, or press ? or * to list all spells.
Aiming: Magic Dart
Press: ? - help, Shift-Dir - straight line, f/p - jackal
Aim: a jackal (severely wounded)
The magic dart hits the jackal.
You kill the jackal!
You now have 0/6 mp.
Unknown command.
You start resting.
Your magical contamination has completely faded away.
You regained 2 mp, and now have 2/6 mp.
You start resting.
Magic restored.
A jackal comes into view.
You regained 4 hp, and now have 12/19 hp.
MP restored: 6 A jackal is nearby!
A jackal is nearby!
The jackal barks!
The jackal bites you. x2
* * * LOW HITPOINT WARNING * * *
Things that are here:
a short sword; a kobold corpse You take 4 damage, and have 8/19 hp.
MASSIVE DAMAGE!!
You now have 5/6 mp.
You hit the jackal.
The jackal is heavily wounded.
The jackal bites you.
* * * LOW HITPOINT WARNING * * *
You take 2 damage, and have 6/19 hp.
You now have 4/6 mp.
You hit the jackal but do no damage.
The jackal is heavily wounded.
The jackal closely misses you.
You closely miss the jackal.
The jackal is moderately wounded.
The jackal bites you but does no damage.
The jackal barely misses you.
You hit the jackal but do no damage.
The jackal is moderately wounded.
The jackal closely misses you.
You hit the jackal but do no damage.
The jackal is moderately wounded.
The jackal closely misses you. The jackal bites you.
* * * LOW HITPOINT WARNING * * *
You take 2 damage, and have 5/19 hp.
You now have 3/6 mp.
Casting: Magic Dart
Confirm with . or Enter, or press ? or * to list all spells.
Aiming: Magic Dart
Press: ? - help, Shift-Dir - straight line, f - jackal
Aim: a jackal (moderately wounded)
The magic dart hits the jackal.
The jackal is heavily wounded.
The jackal closely misses you.
You now have 2/6 mp.
Casting: Magic Dart
Confirm with . or Enter, or press ? or * to list all spells.
Aiming: Magic Dart
Press: ? - help, Shift-Dir - straight line, f/p - jackal
Aim: a jackal (heavily wounded)
The magic dart hits the jackal.
The jackal is heavily wounded.
The jackal barely misses you.
You now have 1/6 mp.
Casting: Magic Dart
Confirm with . or Enter, or press ? or * to list all spells.
Aiming: Magic Dart
Press: ? - help, Shift-Dir - straight line, f/p - jackal
Aim: a jackal (heavily wounded)
The magic dart hits the jackal.
The jackal is severely wounded.
The jackal closely misses you. The jackal barely misses you.
You now have 0/6 mp.
Casting: Magic Dart
Confirm with . or Enter, or press ? or * to list all spells.
You don't have enough magic to cast that spell.
You closely miss the jackal.
The jackal is severely wounded.
The jackal misses you.
You hit the jackal but do no damage.
The jackal is severely wounded.
The jackal bites you but does no damage.
The jackal bites you.
* * * LOW HITPOINT WARNING * * *
You take 2 damage, and have 3/19 hp.
The jackal barely misses you.
The jackal bites you but does no damage.
The jackal closely misses you. The jackal closely misses you.
The jackal bites you.
* * * LOW HITPOINT WARNING * * *
You take 2 damage, and have 2/19 hp.
You now have 0/6 mp.
The jackal bites you.
You die...

.█ █.█ █.█ █.██.∆. ██ █.█ █.█
█.████. █.████.█████████████
█.████. ███ █.█................█
█......
..████.█....███████████.████████.
.....█......█ █.█.. . .█.
█.██.████∆███ █.█.█ █.██.
.....████.█████████████.█.███....
................@h...............
.....█.██.████████...██.███.█....
.....█.██.█ █...██.)........
.......██.██████ █.[.██...█.█....
.................▲...▲......█.██.
██.........█████.█...█......█ ██.
█.███........█ █...█......█ █.
█.█ █........█ █...█........██.
█. █........█ ▲........▲..


You could see a jackal.

Vanquished Creatures
  A leopard gecko (D:1)
  A giant cockroach (D:1)
  3 goblins (D:1)
  A hobgoblin (D:1)
  A jackal (D:1)
  A kobold (D:1)
  A bat (D:1)
  A rat (D:1)
10 creatures vanquished.

Notes
Turn   | Place    | Note
-------+----------+-------------------------------------------
     0 | D:1      | Goblin1989 the Demonspawn Wizard began the quest for the Orb.
     0 | D:1      | Reached XP level 1. HP: 13/13 MP: 4/4
     0 | D:1      | Noticed a gargoyle
     2 | D:1      | Noticed a felid
     5 | D:1      | Noticed an ogre
     7 | D:1      | Noticed a felid
     8 | D:1      | Noticed a formicid
    10 | D:1      | Noticed a dwarf
    12 | D:1      | Noticed a draconian
    14 | D:1      | Noticed a vine stalker
    16 | D:1      | Noticed a ghoul
    16 | D:1      | Noticed a dwarf
    18 | D:1      | Noticed an octopode
    22 | D:1      | Noticed a gargoyle
   562 | D:1      | Gained mutation: When hurt, damage is shared between your health and your magic reserves. [demonic ancestry]
   562 | D:1      | Reached XP level 2. HP: 10/19 MP: 1/6
   918 | D:1      | Slain by a jackal

Skill      XL: |  1  2 |
---------------+-------+-----
Conjurations   | 2 |  2.0
Dodging        | |  1.7
Stealth        | |  1.7
Spellcasting   | |  3.1
Summonings     | |  1.0
Translocations | |  0.8

Action                   || total
-------------------------++-------
Melee: Dagger            ||    46
 Cast: Magic Dart        ||    23
Armor: Robe              ||    12
Dodge: Dodged            ||    50

Vault maps used:
D:1:      shiori_arrival_whats_in_store_for_you, roderic_digamma_sauvastika
